 Dungeon Crawl Stone Soup version 0.25-a0-734-g73332aeda9 (webtiles) character file.

Game seed: 5990071424775152393, levelgen mode: deterministic

20 Maedhros the Charlatan (level 2, -1/18 HPs)
             Began as an Octopode Artificer on Apr 10, 2020.
             Slain by a goblin (3 damage)
             ... led by Robin
             ... on level 3 of the Dungeon.
             The game lasted 00:00:32 (241 turns).

Maedhros the Charlatan (Octopode Artificer)          Turns: 241, Time: 00:00:33

Health: -1/18      AC:  1    Str: 11    XL:     2   Next: 79%
Magic:  4/4        EV: 13    Int: 13    God:
Gold:   14         SH:  0    Dex: 12    Spells: 1/1 levels left

rFire    . . .     SeeInvis .   a - +0 short sword
rCold    . . .     Gourm    .   (no shield)
rNeg     . . .     Faith    .   (helmet restricted)
rPois    .         Spirit   .   (no amulet)
rElec    .         Reflect  .   (no ring)
rCorr    .         Harm     .   (no ring)
MR       .....                  (no ring)
Stlth    +++.......             (no ring)
HPRegen  0.06/turn              (no ring)
MPRegen  0.09/turn              (no ring)
                                (no ring)
                                (no ring)

@: no status effects
A: almost no armour, stealthy swim, amphibious, 8 rings, constrict 8, camouflage
1, gelatinous body 1
a: no special abilities


You were on level 3 of the Dungeon.
You were not hungry.

You visited 1 branch of the dungeon, and saw 3 of its levels.

You collected 14 gold pieces.

Inventory:

Hand Weapons
 a - a +0 short sword (weapon)
Missiles
 e - 7 boomerangs (quivered)
Wands
 b - a wand of flame (15)
 c - a wand of enslavement (15)
 d - a wand of random effects (15)
Scrolls
 h - a scroll of teleportation {unknown}
Potions
 g - a potion of haste {unknown}
 i - a potion of berserk rage {unknown}
Comestibles
 f - 2 rations


   Skills:
 - Level 1.0 Fighting
 - Level 1.0 Short Blades
 - Level 2.0 Dodging
 + Level 2.9 Stealth
 + Level 3.9 Evocations


You had one spell level left.
You didn't know any spells.
Your spell library was empty.

Dungeon Overview and Level Annotations

Branches:
Dungeon (3/15)

Altars:

Annotations:
D:3 Robin


Innate Abilities, Weirdness & Mutations

You cannot wear most types of armour.
You are very stealthy in the water. (Stealth+)
You are amphibious.
You can wear up to eight rings at the same time.
You can use your tentacles to constrict eight enemies at once.
Your skin changes colour to match your surroundings (Stealth+).
Your rubbery body absorbs attacks. (AC +1, EV +1)


Message History

The goblin shouts! x4; Robin shouts!
The goblin shouts! x2
Robin throws the goblin at you!
The goblin shouts! x2
Found a leather armour.
The goblin shouts! x2; You hear a shout!
Robin throws the goblin at you! The goblin hits you with a +0 club.
The goblin misses you. The goblin hits you with a +0 club.
* * * LOW HITPOINT WARNING * * *
Robin throws the goblin at you! The goblin barely misses you.
You hit the goblin. You grab the goblin.
You squeeze the goblin, but do no damage.
The goblin is severely wounded.
You constrict the goblin.
You kill the goblin!
The hobgoblin hits you with a +0 club.
* * * LOW HITPOINT WARNING * * *
Robin throws the goblin at you! The goblin barely misses you.
The goblin misses you. The goblin closely misses you. The goblin hits you.
You die...

#†#.....###
#.#.....# #.#.....#
#.#.†...# #..
#.......# ...#
#.......# ..##.
####.......#+##..#.
#........)gg.....##
##.##.....@g.....©#
#.##.....ggg....#
#.###.....gg.g..#
#.# #######.....#
#.# #..........#
#.# #.####..g...#
#.# #...g..# #.#
#......#. #......##


You could see Robin, a hobgoblin and 9 goblins.

Vanquished Creatures
  3 dart slugs
  A giant cockroach (D:2)
  6 goblins
  A kobold (D:1)
  A bat (D:3)
  A rat (D:1)
13 creatures vanquished.

Notes
Turn   | Place    | Note
-------+----------+-------------------------------------------
     0 | D:1      | Maedhros the Octopode Artificer began the quest for the
                  | Orb.
     0 | D:1      | Reached XP level 1. HP: 13/13 MP: 3/3
   105 | D:2      | Reached XP level 2. HP: 8/18 MP: 4/4
   235 | D:3      | Noticed Robin
   241 | D:3      | Slain by a goblin

Levels and vault maps discovered:
D:1:      lemuel_arrival_room, layout_loops_corners
D:2:      layout_loops_ring, first_ration, chequers_ecumenical_altar_simple
D:3:      layout_basic, gammafunk_ghost_stat_death, uniq_crazy_yiuf_cottage,
          uniq_robin, uniq_natasha

Skill      XL: |  1 |
---------------+----+-----
Stealth        | 2 |  2.9
Fighting       | |  1.0
Short Blades   | |  1.0
Dodging        | |  2.0
Evocations     | |  3.9

Action                   || total
-------------------------++-------
Melee: Short sword       ||    22
       Constrict         ||     8
       Tentacles         ||     5
 Stab: Sleeping          ||     2
       Distracted        ||     1
Armor: Skin              ||     2
Dodge: Dodged            ||    16

Table legend:
 A = Non-vault XP
 B = Vault XP
 C = Vault XP percentage of total XP
 D = Non-vault monster count
 E = Vault monster count
 F = Vault count percentage of total count
                 A         B        C        D         E       F
            +---------+---------+-------+---------+---------+-------
      Total |      27 |       2 |   6.9 |      12 |       1 |   7.7
            +---------+---------+-------+---------+---------+-------
        D:1 |       9 |       0 |   0.0 |       5 |       0 |   0.0
        D:2 |       7 |       0 |   0.0 |       3 |       0 |   0.0
        D:3 |      11 |       2 |  15.4 |       4 |       1 |  20.0
            +---------+---------+-------+---------+---------+-------
